 Dungeon Crawl Stone Soup version 0.20.1-1-g8b1a95d (webtiles) character file.

68626 microfolk the Spry (level 14, -6/72 HPs)
             Began as a Spriggan Enchanter on Dec 2, 2017.
             Was a High Priest of Dithmenos.
             Mangled by a merfolk
             ... wielding a +0 trident
              (11 damage)
             ... on level 1 of the Shoals on Dec 29, 2017.
             The game lasted 03:19:27 (31235 turns).

microfolk the Spry (Spriggan Enchanter)            Turns: 31235, Time: 03:19:28

Health: -6/72      AC: 10    Str:  9    XL:     14   Next: 87%
Magic:  16/27      EV: 37    Int: 20    God:    Dithmenos [*****.]
Gold:   1013       SH:  0    Dex: 18    Spells: 18/29 levels left

rFire    . . .     SeeInvis +   a - +2 dagger (holy)
rCold    . . .     Gourm    .   (shield restricted)
rNeg     . . .     Faith    .   U - +2 troll leather armour
rPois    .         Spirit   .   (helmet restricted)
rElec    .         Reflect  .   q - +1 cloak
rCorr    .         Harm     .   (gloves unavailable)
MR       ++...                  (boots unavailable)
Stlth    ++++++....             w - amulet of magic regeneration
Regen    0.7/turn               f - +2 ring of protection
MPRegen  0.3/turn               N - +4 ring of evasion

@: mighty, lethally poisoned (-6 -> -17), engulfed (cannot breathe), barbed
spikes, mesmerised, wreathed by umbra, slow
A: unfitting armour, see invisible, herbivore 3, speed 3, slow metabolism 2
a: Shadow Step, Shadow Form, Renounce Religion


You were on level 1 of the Shoals.
You worshipped Dithmenos.
Dithmenos was extremely pleased with you.
You were not hungry.

You visited 6 branches of the dungeon, and saw 23 of its levels.
You also visited: Ossuary and Ice Cave.

You collected 2238 gold pieces.
You spent 1225 gold pieces at shops.

Inventory:

Hand Weapons
 a - a +2 dagger of holy wrath (weapon)
 b - a +0 hunting sling
 E - a +2 dagger of freezing
Missiles
 o - 607 stones (quivered)
Armour
 n - a +2 robe of fire resistance
 q - a +1 cloak (worn)
 U - a +2 troll leather armour (worn)
Jewellery
 f - a +2 ring of protection (left hand)
 u - an uncursed ring of protection from cold
 v - a +5 ring of intelligence
 w - an amulet of magic regeneration (around neck)
 y - an uncursed amulet of regeneration
 B - an uncursed ring of positive energy
 D - an uncursed ring of positive energy
 L - a +4 ring of evasion
 N - a +4 ring of evasion (right hand)
 W - an uncursed ring of fire
Wands
 C - a wand of disintegration (5/24)
 M - a wand of digging (14/24)
 R - a wand of confusion (36/48)
Scrolls
 g - 2 scrolls of magic mapping
 i - 3 scrolls of teleportation
 j - 2 scrolls of holy word
 r - 3 scrolls of remove curse
 s - a scroll of amnesia
 F - 4 scrolls of enchant weapon
 H - 2 scrolls of fog
 X - a scroll of blinking
Potions
 e - 6 potions of might
 h - 12 potions of curing
 k - 6 potions of heal wounds
 l - 2 potions of magic
 m - 2 potions of mutation
 p - 7 potions of flight
 t - 2 potions of resistance
 x - 5 potions of lignification
 A - 2 potions of agility
 I - 2 potions of haste
 Q - 2 potions of brilliance
Books
 c - a book of Maledictions

   Spells                             Type                      Level
   a - Corona                         Hexes                        1
   b - Ensorcelled Hibernation        Hexes/Ice                    2
   c - Confuse                        Hexes                        3
   d - Tukima's Dance                 Hexes                        3
   e - Dazzling Spray                 Conjuration/Hexes            3
 G - a book of Frost

   Spells                             Type                      Level
   a - Freeze                         Ice                          1
   b - Throw Frost                    Conjuration/Ice              2
   c - Ozocubu's Armour               Charms/Ice                   3
   d - Throw Icicle                   Conjuration/Ice              4
   e - Summon Ice Beast               Ice/Summoning                4
 P - a Young Poisoner's Handbook

   Spells                             Type                      Level
   a - Sting                          Conjuration/Poison           1
   b - Poisonous Vapours              Poison/Air                   2
   c - Mephitic Cloud                 Conjuration/Poison/Air       3
   d - Olgreb's Toxic Radiance        Poison                       4
   e - Venom Bolt                     Conjuration/Poison           5
 V - a book of Party Tricks

   Spells                             Type                      Level
   a - Summon Butterflies             Summoning                    1
   b - Apportation                    Translocation                1
   c - Lesser Beckoning               Translocation                3
   d - Tukima's Dance                 Hexes                        3
   e - Alistair's Intoxication        Transmutation/Poison         5
   f - Invisibility                   Hexes                        6
Miscellaneous
 J - a phial of floods
 K - a crystal ball of energy
 S - a fan of gales
 T - a sack of spiders
Comestibles
 d - 9 bread rations
 z - 15 fruits
 O - 25 royal jellies


   Skills:
 + Level 7.8 Fighting
 - Level 1.1 Short Blades
 + Level 18.9 Dodging
 - Level 17.5 Stealth
 - Level 8.0 Spellcasting
 + Level 15.6 Hexes
 + Level 11.0 Evocations


You had 18 spell levels left.
You knew the following spells:

 Your Spells              Type           Power        Failure   Level  Hunger
b - Ensorcelled Hibernat  Hex/Ice        #####.       1%          2    None
c - Confuse               Hex            ######..     1%          3    None
d - Dazzling Spray        Conj/Hex       #####.       1%          3    None
e - Tukima's Dance        Hex            ######..     1%          3    None


Dungeon Overview and Level Annotations

Branches:
Dungeon (12/15)            Temple (1/1) D:4            Lair (6/6) D:8
 Shoals (1/4) Lair:3        Snake (1/4) Lair:4        Slime (0/5) Lair:6
    Orc (2/2) D:10            Elf (0/3) Orc:2

Altars:
Ashenzari
Cheibriados
Dithmenos
Elyvilon
Fedhas
Gozag
Hepliaklqana
Kikubaaqudgha
Makhleb
Nemelex Xobeh
Okawaru
Qazlal
Ru
Sif Muna
Trog
Uskayaw
Vehumet
Xom
Yredelemnul
Zin
The Shining One
Beogh
Jiyva

Shops:
D:4 (*!   D:12 (   Orc:2 :?*:*(

Annotations:
D:3 Grinder
Lair:6 exclusion: oklob plant


Innate Abilities, Weirdness & Mutations

You are very small and have problems with some larger weapons.
You are too small for most types of armour.
You have supernaturally acute eyesight. (SInv)
You are a herbivore.
You cover ground extremely quickly.
You need consume almost no food.


Message History

You are poisoned.
The sea snake poisons you! The manticore misses you. The manticore claws you!
The manticore completely misses you.
The merfolk avatar chants its luring song.
The merfolk aquamancer completely misses you.
You feel very mighty all of a sudden.
Your lungs strain for air!
You feel very sick. The merfolk barely misses you.
The sea snake completely misses you.
The water elemental completely misses you. x3
The manticore completely misses you. The manticore claws you.
* * * LOW HITPOINT WARNING * * *
The manticore completely misses you.
The merfolk aquamancer hits you but does no damage.
Your unstable footing causes you to fumble your attack.
* * * LOW HITPOINT WARNING * * *
Your lungs strain for air!
* * * LOW HITPOINT WARNING * * *
You feel sick. The sea snake completely misses you.
The merfolk hits you from afar with a trident!
You die...

≈≈≈≈≈≈≈≈≈.....<#..≈≈≈≈≈##
≈≈≈≈≈≈≈)≈.........≈≈≈≈..##
≈≈≈≈≈≈≈≈≈≈........≈≈≈≈≈.(#
....≈≈≈≈≈..........≈≈≈≈≈..
.....≈≈≈≈...##.≈≈....≈≈≈≈≈
P....≈≈≈≈≈.###..≈≈...≈≈≈≈≈
##...≈≈≈≈..###.......≈≈≈≈≈
#...≈≈P≈.S≈#.......≈≈≈≈≈≈
..?.≈≈≈≈≈.E@H....≈.≈≈≈≈≈≈≈
....≈≈≈≈≈≈EmE.≈....≈≈≈≈≈≈≈
.≈≈≈≈≈≈mmm≈.P.....≈≈≈≈≈
.≈≈≈≈≈P..E≈≈≈≈≈.
.P≈≈PPP....≈≈...
..≈≈PPP≈P.%...##
..P≈≈.≈≈......#
.≈≈..≈≈≈........
≈...≈≈≈≈.......


You could see a merfolk avatar, a sea snake, a merfolk aquamancer, 2 merfolk, a
manticore and 4 water elementals.

Vanquished Creatures
  The ghost of p0werm0de the Cleaver, a journeyman DDFi of Makhleb (Orc:2)
  Josephine (Orc:2)
  A naga warrior (Snake:1)
  4 two-headed ogres
  13 hydras
  The ghost of Ymberto the Basher, a novice MiHu of Okawaru (D:10)
  A merfolk aquamancer (Shoals:1)
  3 death yaks (Lair:6)
  Urug (Lair:3)
  Nergalle (D:11)
  An unseen horror (D:11)
  A sea snake (Shoals:1)
  7 orc knights (Orc:2)
  A lindwurm (Lair:6)
  4 orc sorcerers
  4 manticores
  Maurice (D:12)
  A salamander (Snake:1)
  9 elephants
  6 black mambas
  2 centaur skeletons
  13 spiny frogs
  3 rime drakes (Lair:6)
  4 komodo dragons
  4 trolls
  3 polar bears
  2 queen bees
  A hornet (D:11)
  A merfolk (Shoals:1)
  4 blink frogs
  15 hippogriffs
  4 dream sheep
  A wyvern (Lair:2)
  6 wraiths
  2 water elementals (Shoals:1)
  29 yaks
  3 hungry ghosts
  3 basilisks
  A steam dragon (Lair:3)
  3 vampire mosquitoes (D:12)
  4 wargs
  25 water moccasins
  7 porcupines
  31 orc warriors
  3 ice beasts
  A black bear (D:9)
  4 necrophages
  6 sky beasts
  10 ogres
  3 phantoms
  9 wolves
  17 crocodiles
  8 centaurs
  3 big kobolds
  14 bullfrogs
  A wyvern zombie (D:12)
  A water moccasin zombie (D:7)
  3 scorpions
  59 killer bees
  5 wights
  4 howler monkeys
  4 crimson imps
  2 bullfrog zombies
  4 centaur zombies
  6 jellies
  7 orc priests
  4 hounds
  8 orc wizards
  Crazy Yiuf (D:2)
  A bullfrog skeleton (D:6)
  Jessica (D:2)
  A gnoll shaman (D:6)
  6 iguanas
  Ijyb (D:3)
  Terence (D:3)
  15 worker ants
  2 big kobold zombies (Ossuary)
  5 hound zombies
  A hound skeleton (D:8)
  A howler monkey zombie (D:5)
  2 mummies (Ossuary)
  23 adders
  15 gnolls
  2 howler monkey skeletons
  3 shadow imps (D:7)
  6 adder zombies
  An adder skeleton (D:7)
  A worm (D:2)
  A dart slug (D:1)
  3 leopard geckos
  81 orcs
  13 bats
  6 giant cockroaches
  2 gnoll zombies (Ossuary)
  9 goblins
  12 hobgoblins
  7 jackals
  5 quokkas
  A ball python (D:2)
  15 frilled lizards
  2 goblin zombies (Ossuary)
  3 hobgoblin zombies (Ossuary)
  2 jackal skeletons
  3 jackal zombies
  6 kobolds
  5 kobold zombies (Ossuary)
  A leopard gecko skeleton (D:7)
  A leopard gecko zombie (D:6)
  3 orc zombies (Ossuary)
  4 quokka zombies (Ossuary)
  6 rats
699 creatures vanquished.

Vanquished Creatures (collateral kills)
  A killer bee (D:8)
  2 fungi (Lair:6)
  A plant (Lair:6)
4 creatures vanquished.

Vanquished Creatures (others)
  2 killer bees (Lair:3)
  An orc (Orc:2)
  19 fungi
  6 plants
28 creatures vanquished.

Grand Total: 731 creatures vanquished

Notes
Turn   | Place    | Note
-------+----------+-------------------------------------------
     0 | D:1      | microfolk the Spriggan Enchanter began the quest for the Orb.
     0 | D:1      | Reached XP level 1. HP: 9/9 MP: 5/5
   489 | D:1      | Reached XP level 2. HP: 13/13 MP: 7/7
   493 | D:1      | Learned a level 2 spell: Ensorcelled Hibernation
   985 | D:2      | Noticed Jessica
  1020 | D:2      | Reached XP level 3. HP: 16/16 MP: 5/8
  1530 | D:2      | Found an opulent altar of Gozag.
  1703 | D:2      | Reached skill level 5 in Stealth
  1797 | D:2      | Reached skill level 4 in Dodging
  2210 | D:2      | Reached XP level 4. HP: 19/21 MP: 7/10
  2365 | D:1      | Learned a level 3 spell: Confuse
  2369 | D:1      | Learned a level 3 spell: Dazzling Spray
  2451 | D:2      | Killed Jessica
  2688 | D:2      | Found a runed door.
  2694 | D:2      | Noticed Crazy Yiuf
  2698 | D:2      | Killed Crazy Yiuf
  2698 | D:2      | Reached XP level 5. HP: 24/24 MP: 8/12
  3002 | D:3      | Noticed Terence
  3370 | D:3      | Reached skill level 5 in Hexes
  3549 | D:3      | Noticed Grinder
  3665 | D:3      | Noticed Ijyb
  3702 | D:3      | Killed Ijyb
  3702 | D:3      | Reached skill level 5 in Dodging
  4060 | D:3      | Reached XP level 6. HP: 28/28 MP: 6/13
  4521 | D:3      | Killed Terence
  5207 | D:4      | Found a staircase to the Ecumenical Temple.
  5403 | D:4      | Found a sand-covered staircase.
  5409 | Ossuary  | Entered an ossuary
  6232 | Ossuary  | Reached skill level 6 in Dodging
  6232 | Ossuary  | Reached skill level 5 in Spellcasting
  6475 | Ossuary  | Reached XP level 7. HP: 32/32 MP: 9/15
  6577 | D:4      | Found Kacadeze's Distillery.
  6580 | D:4      | Bought a potion of curing for 39 gold pieces
  6833 | D:4      | Found Myuxut's General Store.
  6942 | D:4      | Found Zius's Weapon Boutique.
  7062 | D:5      | Entered Level 5 of the Dungeon
  7067 | D:5      | Found a white marble altar of Elyvilon.
  7368 | Temple   | Entered the Ecumenical Temple
  7530 | Temple   | Became a worshipper of Dithmenos the Shadowed
  7787 | D:5      | Reached skill level 7 in Dodging
  8075 | D:5      | Reached XP level 8. HP: 30/36 MP: 2/18
  8537 | D:6      | Reached * piety under Dithmenos
  8569 | D:6      | Reached skill level 8 in Dodging
  8689 | D:6      | Found a shadowy altar of Dithmenos.
  8779 | D:6      | Learned a level 3 spell: Tukima's Dance
  9131 | D:5      | Reached skill level 10 in Stealth
  9769 | D:7      | Reached skill level 9 in Dodging
  9769 | D:7      | Reached XP level 9. HP: 39/39 MP: 17/20
  9816 | D:7      | Reached ** piety under Dithmenos
  9898 | D:7      | Noticed a gargoyle
 10217 | D:7      | Reached skill level 10 in Dodging
 10322 | D:7      | Noticed a two-headed ogre
 10344 | D:7      | Killed a two-headed ogre
 10344 | D:7      | Reached skill level 11 in Dodging
 10456 | D:7      | Reached XP level 10. HP: 44/44 MP: 10/21
 10657 | D:7      | Reached skill level 10 in Hexes
 10977 | D:8      | Found a staircase to the Lair.
 10978 | D:8      | Noticed an elephant
 11076 | D:8      | Reached *** piety under Dithmenos
 11823 | D:8      | Reached skill level 12 in Dodging
 11846 | D:8      | HP: 2/44 [elephant (2)]
 11939 | D:8      | Noticed a two-headed ogre
 12358 | D:8      | Killed a two-headed ogre
 12509 | D:8      | Found a staircase to the Lair.
 12712 | D:8      | Killed an elephant
 12792 | D:9      | Found a blossoming altar of Fedhas.
 13164 | D:9      | Reached skill level 13 in Dodging
 13339 | D:9      | Reached XP level 11. HP: 47/47 MP: 15/22
 13373 | D:9      | Noticed a three-headed hydra
 13395 | D:9      | Killed a three-headed hydra
 13484 | D:10     | Entered Level 10 of the Dungeon
 13542 | D:10     | Found a staircase to the Orcish Mines.
 13589 | D:10     | Noticed Ymberto's ghost (novice MiHu)
 14269 | D:11     | Noticed Nergalle
 14366 | D:11     | Noticed an unseen horror
 14369 | D:11     | Killed an unseen horror
 14441 | D:11     | Noticed a two-headed ogre
 14467 | D:11     | Reached skill level 14 in Dodging
 14467 | D:11     | Reached skill level 15 in Stealth
 14722 | D:11     | Killed a two-headed ogre
 14824 | D:11     | Killed Nergalle
 15080 | D:12     | Noticed Maurice
 15087 | D:12     | Killed Maurice
 15229 | D:12     | Noticed a two-headed ogre
 15271 | D:12     | Killed a two-headed ogre
 15271 | D:12     | Reached skill level 15 in Dodging
 15409 | D:12     | Found Qovapp's Weapon Shoppe.
 15416 | D:12     | Bought a +1 dagger of holy wrath for 137 gold pieces
 15537 | D:12     | Reached XP level 12. HP: 37/51 MP: 12/23
 16133 | Lair:1   | Entered Level 1 of the Lair of Beasts
 16575 | Lair:1   | Found a snail-covered altar of Cheibriados.
 16621 | Lair:1   | Noticed a five-headed hydra
 16644 | Lair:1   | Killed a five-headed hydra
 17033 | Lair:1   | Reached skill level 1 in Evocations
 17377 | Lair:2   | Found a frozen archway.
 17393 | IceCv    | Entered an ice cave
 17638 | Lair:2   | Noticed a five-headed hydra
 17668 | Lair:2   | Killed a five-headed hydra
 17668 | Lair:2   | Reached skill level 1 in Fighting
 17995 | Lair:2   | You fall through a shaft!
 18442 | Lair:2   | Reached skill level 16 in Dodging
 18719 | Lair:2   | Reached **** piety under Dithmenos
 19376 | Lair:3   | Found a staircase to the Shoals.
 19825 | Lair:3   | Reached skill level 5 in Evocations
 19931 | Lair:3   | Noticed Urug
 20352 | Lair:3   | Reached ***** piety under Dithmenos
 20421 | Lair:3   | Reached XP level 13. HP: 61/61 MP: 9/25
 21056 | Lair:3   | Killed Urug
 21835 | Lair:4   | Reached skill level 17 in Dodging
 21972 | Lair:4   | Found a staircase to the Snake Pit.
 22756 | Lair:5   | Reached skill level 5 in Fighting
 23209 | Lair:6   | Entered Level 6 of the Lair of Beasts
 24525 | Lair:6   | Found a viscous altar of Jiyva.
 24525 | Lair:6   | Found a staircase to the Slime Pits.
 25011 | Lair:6   | Identified 2 scrolls of acquirement
 25159 | Lair:6   | Reached XP level 14. HP: 70/70 MP: 23/27
 25763 | Lair:6   | Reached skill level 18 in Dodging
 26552 | Snake:1  | Entered Level 1 of the Snake Pit
 26829 | Orc:1    | Entered Level 1 of the Orcish Mines
 26958 | Orc:1    | Reached skill level 15 in Hexes
 27292 | D:10     | Killed Ymberto's ghost
 27292 | D:10     | Reached skill level 10 in Evocations
 28271 | Orc:2    | Entered Level 2 of the Orcish Mines
 28289 | Orc:2    | Found a staircase to the Elven Halls.
 28294 | Orc:2    | Found Natuoc's Weapon Boutique.
 28294 | Orc:2    | Found Wzuhzagaa's Whimsical Warehouse.
 28466 | Orc:2    | Noticed p0werm0de's ghost (journeyman DDFi)
 28487 | Orc:2    | Killed p0werm0de's ghost
 29427 | Orc:2    | Noticed Josephine
 29659 | Orc:2    | Found Rounim's Book Emporium.
 29659 | Orc:2    | Found Oxynann's Assorted Antiques.
 30171 | Orc:2    | Found a roughly hewn altar of Beogh.
 30197 | Orc:2    | Found Beerchergh's Magic Scroll Emporium.
 30197 | Orc:2    | Found Onkop's Book Boutique.
 30204 | Orc:2    | Killed Josephine
 30353 | Orc:2    | Bought a metallic emerald potion for 33 gold pieces
 30353 | Orc:2    | Bought a scroll of identify for 74 gold pieces
 30353 | Orc:2    | Bought a scroll of identify for 74 gold pieces
 30353 | Orc:2    | Bought a scroll of identify for 74 gold pieces
 30353 | Orc:2    | Bought a fuming brown potion for 33 gold pieces
 30390 | Orc:2    | Bought a scroll of identify for 34 gold pieces
 30390 | Orc:2    | Bought a scroll of enchant armour for 127 gold pieces
 30918 | Orc:2    | Bought a book of Party Tricks for 600 gold pieces
 31136 | Shoals:1 | Entered Level 1 of the Shoals
 31235 | Shoals:1 | Mangled by a merfolk

Skill      XL: |  1  2  3  4  5  6  7  8  9 10 11 12 13 14 |
---------------+-------------------------------------------+-----
Spellcasting   | 3 4 5 6 7 8 |  8.0
Hexes          | 4 5 6 8 9 11 13 14 15 | 15.6
Stealth        | 5 6 7 8 10 12 14 16 17 | 17.5
Dodging        | 4 5 6 7 9 11 13 15 16 17 18 | 18.9
Evocations     | 5 8 11 | 11.0
Fighting       | 3 6 7 |  7.8
Short Blades   | |  1.1

Action                   |  1- 3 |  4- 6 |  7- 9 | 10-12 | 13-15 || total
-------------------------+-------+-------+-------+-------+-------++-------
Melee: Dagger            |    90 |   242 |   236 |   404 |   494 ||  1466
 Fire: Hunting sling     |       |       |       |       |     5 ||     5
 Cast: Ensorcelled Hiber |    38 |    88 |   103 |   194 |   383 ||   806
       Confuse           |       |    39 |    39 |   109 |    97 ||   284
       Dazzling Spray    |       |     3 |    13 |    36 |    13 ||    65
       Corona            |       |       |     1 |       |       ||     1
Invok: Shadow Step       |       |       |       |     9 |    14 ||    23
  Use: Scroll            |       |     1 |     7 |    15 |    20 ||    43
       Potion            |       |       |       |     3 |     5 ||     8
 Stab: Sleeping          |    29 |    58 |    73 |   155 |   213 ||   528
       Distracted        |     1 |       |     1 |     1 |     2 ||     5
       Confused          |       |    21 |    34 |    56 |    59 ||   170
       Invisible         |       |       |       |     2 |       ||     2
  Eat: Bread ration      |       |     1 |     1 |     2 |     1 ||     5
       Royal jelly       |       |     2 |       |       |       ||     2
       Fruit             |       |       |       |       |     3 ||     3
Armor: Robe              |     9 |    21 |     3 |    17 |     8 ||    58
       Troll leather arm |       |       |       |       |    16 ||    16
Dodge: Dodged            |    58 |   170 |    86 |   412 |   478 ||  1204
